 Dungeon Crawl Stone Soup version 0.25-a0-566-g062765be81 (webtiles) character file.

Game seed: 17694159331874513991, levelgen mode: deterministic

228 Flugslaktarn the Skirmisher (level 5, 0/72 HPs)
             Began as a Minotaur Fighter on Feb 27, 2020.
             Succumbed to Sigmund's poison
             ... on level 3 of the Dungeon.
             The game lasted 00:00:54 (872 turns).

Flugslaktarn the Skirmisher (Minotaur Fighter)       Turns: 872, Time: 00:00:54

Health: 0/72       AC: 22    Str: 21 (22) XL:     5   Next: 71%
Magic:  4/4        EV:  2    Int:  4 (5)  God:
Gold:   96         SH:  9    Dex:  8 (9)  Spells: 4/4 levels left

rFire    . . .     SeeInvis .   a - +0 war axe
rCold    . . .     Gourm    .   c - +0 kite shield
rNeg     + + +     Faith    .   (armour currently unavailable)
rPois    +         Spirit   .   (helmet currently unavailable)
rElec    .         Reflect  .   (cloak currently unavailable)
rCorr    .         Harm     .   (gloves currently unavailable)
MR       .....     NoTele   +   (boots currently unavailable)
Stlth    ..........             (no amulet)
HPRegen  0.22/turn              k - ring of attention (curse)
MPRegen  0.09/turn              (no ring)

@: lethally poisoned (0 -> -23), tree-form (expiring)
A: (retaliatory headbutt)
a: no special abilities


You were on level 3 of the Dungeon.
You were not hungry.
You were a tree.
You visited 1 branch of the dungeon, and saw 3 of its levels.

You collected 96 gold pieces.

Inventory:

Hand Weapons
 a - a +0 war axe (weapon)
Armour
 b - a +0 scale mail (melded)
 c - a +0 kite shield (worn)
 j - a cursed +0 pair of boots (melded)
   (You found it on level 1 of the Dungeon)
Jewellery
 k - a cursed ring of attention (left branch)
   (You found it on level 1 of the Dungeon)
Scrolls
 g - 2 scrolls of blinking {unknown}
 m - 2 scrolls of teleportation {unknown}
Potions
 d - a potion of might
 w - a potion of heal wounds
Comestibles
 e - 2 rations
 f - a chunk of flesh


   Skills:
 * Level 5.3 Fighting
 * Level 4.6 Axes
 + Level 4.5 Armour
 + Level 4.5 Shields


You had 4 spell levels left.
You didn't know any spells.
Your spell library was empty.

Dungeon Overview and Level Annotations

Branches:
Dungeon (3/15)

Altars:

Annotations:
D:3 Sigmund


Innate Abilities, Weirdness & Mutations

((You reflexively headbutt those who attack you in melee.))
((You have a pair of horns on your head.))


Message History

* * * LOW HITPOINT WARNING * * *
You are more poisoned.
You swing at nothing.
You feel sick. Something hits you but does no damage.
You are lethally poisoned!
You swing at nothing.
* * * LOW HITPOINT WARNING * * *
You feel sick. Something hits you.
* * * LOW HITPOINT WARNING * * *
You swing at nothing.
* * * LOW HITPOINT WARNING * * *
You feel very sick. Something hits you but does no damage.
You swing at nothing.
Your transformation is almost over.
* * * LOW HITPOINT WARNING * * *
You feel sick. Something hits you.
* * * LOW HITPOINT WARNING * * *
You are more poisoned.
You swing at nothing.
You die...

.......(..####
....
.....##......#..#
.... #...#....#
.#.
###.#)#.#.....#
#.##...#(..#
###.#
#.......))##
......#.#{.#
.#.#....##)# #
####.##♣#
#...).....#
.............$.
##.#...........
#.#.........##
.........#..
........... .
..#####.<....


There were no monsters in sight!

Vanquished Creatures
  A phantom (D:3)
  An orc wizard (D:3)
  Terence (D:3)
  An adder (D:3)
  2 leopard geckos (D:1)
  3 orcs (D:3)
  2 ball pythons
  6 giant cockroaches
  5 goblins
  4 hobgoblins (D:1)
  5 jackals (D:1)
  8 kobolds
  3 bats
  3 frilled lizards
  4 rats
49 creatures vanquished.

Vanquished Creatures (others)
  An orc wizard (D:3)
1 creature vanquished.

Grand Total: 50 creatures vanquished

Notes
Turn   | Place    | Note
-------+----------+-------------------------------------------
     0 | D:1      | Flugslaktarn the Minotaur Fighter began the quest for the
                  | Orb.
     0 | D:1      | Reached XP level 1. HP: 19/19 MP: 0/0
    30 | D:1      | Reached XP level 2. HP: 17/27 MP: 1/1
   178 | D:1      | Reached skill level 4 in Fighting
   335 | D:1      | Reached XP level 3. HP: 30/33 MP: 2/2
   517 | D:3      | Noticed a phantom
   742 | D:3      | Killed a phantom
   742 | D:3      | Reached XP level 4. HP: 33/41 MP: 3/3
   817 | D:3      | Noticed Terence
   821 | D:3      | Noticed Sigmund
   834 | D:3      | Reached skill level 5 in Fighting
   834 | D:3      | Reached XP level 5. HP: 36/48 MP: 4/4
   864 | D:3      | Killed Terence
   871 | D:3      | HP: 2/72 [something (6)]
   872 | D:3      | Succumbed to Sigmund's poison

Levels and vault maps discovered:
D:1:      dpeg_arrival_subterranean_lakeside_camping, layout_rooms
D:2:      minmay_evil_eye, layout_basic, zin_statuary,
          nicolae_overflow_crystal_walls, uniq_jessica
D:3:      layout_rooms, old_standard_altar, uniq_sigmund, uniq_robin, uniq_ijyb,
          uniq_crazy_yiuf_cottage, uniq_terence

Skill      XL: |  1  2  3  4 |
---------------+-------------+-----
Fighting       | 4 5 |  5.3
Axes           | 3 4 |  4.6
Armour         | 4 |  4.5
Shields        | 4 |  4.5

Action                   |  1- 3 |  4- 6 || total
-------------------------+-------+-------++-------
Melee: War axe           |    69 |    38 ||   107
       Headbutt          |    10 |     3 ||    13
  Use: Potion            |       |     4 ||     4
Armor: Scale mail        |    53 |    21 ||    74
       Skin              |       |    22 ||    22
Dodge: Dodged            |    31 |    12 ||    43
Block: Kite shield       |    50 |    32 ||    82

Table legend:
 A = Non-vault XP
 B = Vault XP
 C = Vault XP percentage of total XP
 D = Non-vault monster count
 E = Vault monster count
 F = Vault count percentage of total count
                 A         B        C        D         E       F
            +---------+---------+-------+---------+---------+-------
      Total |     290 |      37 |  11.3 |      48 |       2 |   4.0
            +---------+---------+-------+---------+---------+-------
        D:1 |      44 |       1 |   2.2 |      24 |       1 |   4.0
        D:2 |       8 |       0 |   0.0 |       5 |       0 |   0.0
        D:3 |     238 |      36 |  13.1 |      19 |       1 |   5.0
            +---------+---------+-------+---------+---------+-------
